 Dungeon Crawl Stone Soup version 0.23.1-41-g7e51ed32d8 (webtiles) character file.

Game seed: 18353890722277835688

571 Gargoyl the Covered (level 7, -1/58 HPs)
             Began as a Centaur Abyssal Knight on Mar 30, 2019.
             Was a Priest of Lugonu.
             Slain by a gnoll
             ... wielding a +0 spear
              (8 damage)
             ... on level 5 of the Dungeon.
             The game lasted 00:09:33 (4754 turns).

Gargoyl the Covered (Centaur Abyssal Knight)        Turns: 4754, Time: 00:09:34

Health: -1/58      AC:  8    Str: 14    XL:     7   Next: 12%
Magic:  9/9        EV:  5    Int: 11    God:    Lugonu [***...]
Gold:   244        SH:  2    Dex: 11    Spells: 6/6 levels left

rFire    . . .     SeeInvis +   a - +1 hand axe
rCold    . . .     Gourm    .   (no shield)
rNeg     . . .     Faith    .   d - +0 chain mail
rPois    .         Spirit   .   (no helmet)
rElec    .         Reflect  +   (no cloak)
rCorr    .         Harm     .   (no gloves)
MR       +....                  (no barding)
Stlth    ..........             g - +2 amulet of reflection
HPRegen  0.19/turn              k - ring of see invisible (curse)
MPRegen  0.11/turn              j - ring of protection from magic

@: very quick
A: large, hooves 3, deformed body, speed 2, tough skin 3
a: Depart the Abyss, Bend Space, Banish, Renounce Religion


You were on level 5 of the Dungeon.
You worshipped Lugonu.
Lugonu was most pleased with you.
You were not hungry.

You visited 1 branch of the dungeon, and saw 5 of its levels.
You visited the Abyss 1 time.

You collected 244 gold pieces.

Inventory:

Hand Weapons
 a - a +1 hand axe (weapon)
Missiles
 m - 3 tomahawks (quivered)
Armour
 d - a +0 chain mail (worn)
Jewellery
 e - an uncursed ring of flight {unknown}
 g - a +2 amulet of reflection (around neck)
 j - a ring of protection from magic (right hand)
 k - a cursed ring of see invisible (left hand)
 p - an uncursed ring of flight {unknown}
Scrolls
 i - 4 scrolls of identify
 l - 2 scrolls of remove curse
 q - a scroll of fog {unknown}
Potions
 b - 2 potions of curing
 h - a potion of resistance {unknown}
 n - a potion of flight {unknown}
 o - a potion of haste {unknown}
Comestibles
 c - 10 rations


   Skills:
 + Level 3.7 Fighting
 + Level 3.3 Axes
 + Level 0.1 Throwing
 * Level 4.0 Armour
 * Level 2.1 Dodging
 * Level 3.6 Invocations


You had 6 spell levels left.
You didn't know any spells.
Your spell library contained the following spells:

 Spells                   Type           Power        Failure   Level  Hunger
 Animate Skeleton         Necr           N/A          100%        1    ##.....
 Apportation              Tloc           #.....       100%        1    ##.....
 Confusing Touch          Hex            #.....       100%        1    ##.....
 Summon Small Mammal      Summ           #...         100%        1    ##.....


Dungeon Overview and Level Annotations

Branches:
Dungeon (5/15)
 Temple: D:4-7

Altars:

Shops:
D:4 :


Innate Abilities, Weirdness & Mutations

You have hooves in place of feet.
Armour fits poorly on your strangely shaped body.
You cover ground very quickly.
You have extremely tough skin. (AC +3)


Message History

* * * LOW HITPOINT WARNING * * *
The gnoll hits you from afar with a +0 spear.
* * * LOW HITPOINT WARNING * * *
You hit the gnoll.
The gnoll is heavily wounded.
The gnoll hits you but does no damage. x2
You hit the gnoll. Your kick misses the gnoll.
The gnoll is severely wounded.
The gnoll hits you but does no damage. You block the gnoll's attack.
You feel better. The gnoll closely misses you.
The gnoll hits you but does no damage.
You closely miss the gnoll.
The gnoll is severely wounded.
The gnoll hits you with a cursed -1 spear.
* * * LOW HITPOINT WARNING * * *
The gnoll completely misses you. The gnoll hits you but does no damage.
You hit the gnoll. You kick the gnoll, but do no damage.
The gnoll is almost dead.
The gnoll hits you from afar with a +0 spear!
You die...

#### ## ### #..### ##.
.... #....# ###.. .....##
#..#.# #....
g......#######.#.#####.#.#
#.gg@..##.#.##....#.#
######...........##.#
######..........
###......#......
#...............
#..######........ #.#
##..<.... #. #....... .
#..##...


You could see 2 gnolls.

Vanquished Creatures
  A phantom (D:4)
  An ogre (D:5)
  A crimson imp (D:5)
  A quasit (D:3)
  A hound (D:5)
  Jessica (D:2)
  A gnoll shaman (D:5)
  A worker ant (D:4)
  2 gnolls (D:5)
  A howler monkey skeleton (D:2)
  6 adders
  2 oozes
  2 worms (D:2)
  3 dart slugs
  6 leopard geckos
  12 orcs
  2 ball pythons (D:2)
  5 giant cockroaches
  8 goblins
  15 hobgoblins
  15 jackals
  8 kobolds
  6 bats
  6 frilled lizards
  A jackal skeleton (D:5)
  11 rats
119 creatures vanquished.

Vanquished Creatures (others)
  2 starspawn tentacles (Abyss:2)
2 creatures vanquished.

Grand Total: 121 creatures vanquished

Notes
Turn   | Place    | Note
-------+----------+-------------------------------------------
     0 | Abyss:1  | Gargoyl the Centaur Abyssal Knight began the quest for the
                  | Orb.
     0 | Abyss:1  | Reached XP level 1. HP: 19/19 MP: 2/2
    46 | Abyss:2  | Noticed an eidolon
    59 | Abyss:2  | Noticed a tentacled starspawn
    69 | Abyss:2  | Noticed an insubstantial wisp
    76 | Abyss:2  | Noticed a thrashing horror
    76 | Abyss:2  | Noticed a thrashing horror
    77 | D:1      | Escaped the Abyss
   231 | D:1      | Reached * piety under Lugonu
   236 | D:1      | Reached XP level 2. HP: 5/26 MP: 3/3
   236 | D:1      | HP: 1/26 [hobgoblin (4)]
   360 | D:1      | Reached skill level 1 in Dodging
   407 | D:1      | Reached XP level 3. HP: 20/31 MP: 4/4
   798 | D:1      | Reached skill level 2 in Armour
  1224 | D:2      | Noticed Jessica
  1233 | D:2      | Killed Jessica
  1233 | D:2      | Reached XP level 4. HP: 33/38 MP: 5/5
  1292 | D:2      | Reached ** piety under Lugonu
  1688 | D:2      | Reached XP level 5. HP: 31/45 MP: 7/7
  2583 | D:3      | Reached *** piety under Lugonu
  3084 | D:4      | Noticed a phantom
  3115 | D:4      | Killed a phantom
  3115 | D:4      | Reached skill level 3 in Armour
  3115 | D:4      | Reached XP level 6. HP: 42/52 MP: 8/8
  3778 | D:4      | Found Sobb's Book Emporium.
  4199 | D:5      | Entered Level 5 of the Dungeon
  4723 | D:5      | Reached XP level 7. HP: 51/58 MP: 9/9
  4743 | D:5      | Reached skill level 4 in Armour
  4754 | D:5      | Slain by a gnoll

Skill      XL: |  1  2  3  4  5  6  7 |
---------------+----------------------+-----
Axes           | 2 3 |  3.3
Dodging        | 1 2 |  2.1
Armour         | 2 3 4 |  4.0
Invocations    | 3 |  3.6
Fighting       | |  3.7
Throwing       | |  0.1

Action                   |  1- 3 |  4- 6 |  7- 9 || total
-------------------------+-------+-------+-------++-------
Melee: Hand axe          |   103 |   269 |    29 ||   401
       Kick              |    18 |    54 |     6 ||    78
Throw: Tomahawk          |       |     6 |       ||     6
Invok: Depart the Abyss  |     1 |       |       ||     1
  Use: Scroll            |     4 |     3 |       ||     7
       Potion            |     1 |     3 |     1 ||     5
  Eat: Chunk             |       |    10 |       ||    10
Armor: Chain mail        |   166 |   212 |    20 ||   398
Dodge: Dodged            |    40 |    65 |     8 ||   113
Block: Other             |       |    20 |     5 ||    25
